 Dungeon Crawl Stone Soup version 0.26.0-10-g1f06aea511 (webtiles) character file.

Game seed: 4470086246780230354

1557 Dracia the Grappler (level 8, -3/71 (74) HPs)
             Began as a Troll Fighter on Jan 27, 2021.
             Killed from afar by Aviak's ghost (10 damage)
             ... with a magic dart
             ... on level 7 of the Dungeon.
             The game lasted 00:09:52 (5382 turns).

Dracia the Grappler (Troll Fighter)                 Turns: 5382, Time: 00:09:53

HP:   -3/71 (74)    AC:  7    Str: 25    XL:     8   Next: 58%
MP:   7/7           EV:  9    Int:  4    God:
Gold: 364           SH: 12    Dex: 11    Spells: 7/7 levels left

rFire    . . .     SeeInvis .     - Unarmed
rCold    . . .     Faith    .   c - +2 kite shield
rNeg     . . .     Spirit   .   b - +0 robe
rPois    .         Reflect  .   (helmet restricted)
rElec    .         Harm     .   e - +0 cloak
rCorr    .         Rampage  .   (gloves unavailable)
Will     .....                  (boots unavailable)
Stlth    ++........             v - amulet of inaccuracy
HPRegen  0.61/turn              Q - ring of stealth
MPRegen  0.10/turn              (no ring)

@: very slightly contaminated, lightly drained
A: large, unfitting armour, claws 3, regeneration 1, shaggy fur 1, tough skin 3
a: no special abilities


You were on level 7 of the Dungeon.
You visited 2 branches of the dungeon, and saw 8 of its levels.

You collected 364 gold pieces.


Innate Abilities, Weirdness & Mutations

You are too large for most types of armour.
You have claws for hands.
Your natural rate of healing is unusually fast.
You are covered in fur. (AC +1)
You have extremely tough skin. (AC +3)


   Skills:
 - Level 2.4 Fighting
 - Level 1.5 Long Blades
 - Level 2.4 Dodging
 + Level 5.7 Shields
 * Level 8.8 Unarmed Combat


You had 7 spell levels left.
You didn't know any spells.
Your spell library contained the following spells:

 Spells                   Type           Power        Failure   Level
 Corona                   Hex            0%           75%         1
 Magic Dart               Conj           0%           75%         1
 Blink                    Tloc           N/A          86%         2
 Call Imp                 Summ           0%           86%         2
 Ensorcelled Hibernation  Hex/Ice        0%           86%         2
 Slow                     Hex            0%           86%         2
 Confusing Touch          Hex            0%           98%         3
 Conjure Flame            Conj/Fire      0%           98%         3
 Dazzling Flash           Conj/Hex       0%           98%         3
 Mephitic Cloud           Conj/Pois/Air  0%           98%         3
 Tukima's Dance           Hex            0%           98%         3

Inventory:

Hand Weapons
 a - a +1 long sword
Armour
 b - a +0 robe (worn)
 c - a +2 kite shield (worn)
 e - a +0 cloak (worn)
Jewellery
 v - an amulet of inaccuracy (around neck)
 G - an uncursed amulet of guardian spirit
 Q - a ring of stealth (left claw)
Wands
 w - a wand of digging (4)
Scrolls
 f - 3 scrolls of teleportation {@r4@r4}
 i - 2 scrolls of magic mapping
 k - 3 scrolls of remove curse {@r2@r2}
 n - 2 scrolls of blinking
 o - 2 scrolls of enchant weapon
 r - 3 scrolls of identify {@r1@r1}
 t - a scroll of immolation
Potions
 d - a potion of haste {@q3@q3}
 h - 2 potions of curing {@q1@q1}
 j - 2 potions of degeneration
 l - a potion of cancellation
 p - a potion of attraction

Dungeon Overview and Level Annotations

Branches:
Dungeon (7/15)             Temple (1/1) D:6

Altars:
Ashenzari
Elyvilon
Fedhas
Kikubaaqudgha
Nemelex Xobeh
Okawaru
Qazlal
Ru
Sif Muna
Trog
Uskayaw
Vehumet
Wu Jian
Xom
Yredelemnul
Zin
The Shining One

Annotations:
D:3 2 transporters, Megustar's ghost, amateur GrBe
D:6 1 transporter, xeno23's ghost, novice BaIE
D:7 Aviak's ghost, novice MfCj

.......####.######## ##.###..####
.....#...##.### ###..##..#....
##.#####..#...#### #...###....###
#.######...#....###.#.......<...
#.#.......)............(......##
##...######....##.#.##.........#
....## ####.................#
##)## ####..............# #.#
#..@W.............# ##(#
####.##.###.....>....# .#(#
#.......##...........## .#(#
###'''####.#.######...# .#.#
#.......##.#..#######.# ...#
######.....##..##....# #..
#..####...#..!..!.########.#####.
##......####.$$..## ##...#...#.
#.##...###..#.#..# ##....>....#


You could see Aviak's ghost.


Message History

Aviak's ghost gestures at you while chanting.
The magic dart hits you but does no damage.
You barely miss Aviak's ghost.
Aviak's ghost is moderately damaged.
You strike the helpless Aviak's ghost from behind!
You scratch Aviak's ghost.
Aviak's ghost is moderately damaged.
Aviak's ghost turns its malevolent gaze towards you.
Aviak's ghost closely misses you.
You completely miss Aviak's ghost.
Aviak's ghost is moderately damaged.
You block Aviak's ghost's attack.
You closely miss Aviak's ghost.
Aviak's ghost is moderately damaged.
Aviak's ghost hits you!
* * * LOW HITPOINT WARNING * * *
You completely miss Aviak's ghost.
Aviak's ghost is moderately damaged.
You block Aviak's ghost's attack.
You completely miss Aviak's ghost.
Aviak's ghost is moderately damaged.
You flicker back into view.
Aviak's ghost gestures at you while chanting.
The magic dart hits you.
* * * LOW HITPOINT WARNING * * *
You closely miss Aviak's ghost.
Aviak's ghost is moderately damaged.
Aviak's ghost gestures at you while chanting.
The magic dart hits you!
You die...

Skill      XL: |  1  2  3  4  5  6  7  8 |
---------------+-------------------------+-----
Unarmed Combat | 1 2 4 6 7 8 |  8.8
Shields        | 3 4 5 |  5.7
Fighting       | |  2.4
Long Blades    | |  1.5
Dodging        | |  2.4

Action                   |  1- 3 |  4- 6 |  7- 9 || total
-------------------------+-------+-------+-------++-------
Melee: Unarmed           |   142 |   175 |   167 ||   484
       Long sword        |     4 |       |       ||     4
  Use: Scroll            |     4 |     6 |    10 ||    20
       Potion            |     4 |       |     5 ||     9
 Stab: Distracted        |       |     2 |       ||     2
       Sleeping          |       |     6 |     2 ||     8
       Invisible         |       |       |     3 ||     3
Armor: Robe              |    48 |    39 |    23 ||   110
       Skin              |     1 |       |       ||     1
Dodge: Dodged            |    40 |    41 |    49 ||   130
Block: Kite shield       |    63 |    56 |    63 ||   182
       Rpst.: Long sword |     2 |       |       ||     2

Levels and vault maps discovered:
D:1:      onia_arrival_mini_maze_b, layout_basic, minmay_distorted
D:2:      layout_basic, chequers_ecumenical_altar_grove,
          chequers_serial_rivers_large_a, uniq_robin, uniq_sigmund
D:3:      layout_loops_cross, gammafunk_ghost_arena, saegor_snake_ambush
D:4:      layout_rooms, kennysheep_mini_moat, lemuel_doored_altar, minivault_26,
          minmay_misc_feat_rugged
D:5:      layout_loops_ring, fedhas_altar_4
D:6:      layout_basic, led_sif_book, minmay_temple_entry_glassed_door,
          gammafunk_ghost_smash, nicolae_ru_path_of_blood
D:7:      layout_rooms, gammafunk_ghost_necromancy,
          amcnicky_mini_corridor_feature
Temple:   nicolae_temple_figure_eight

Notes
Turn   | Place    | Note
-------+----------+-------------------------------------------
     0 | D:1      | Dracia the Troll Fighter began the quest for the Orb.
     0 | D:1      | Reached XP level 1. HP: 22/22 MP: 0/0
    66 | D:1      | Reached skill level 1 in Unarmed Combat
   106 | D:1      | Reached XP level 2. HP: 29/29 MP: 1/1
   247 | D:1      | Reached skill level 2 in Unarmed Combat
   642 | D:2      | Reached XP level 3. HP: 28/36 MP: 2/2
   679 | D:2      | Noticed Robin
   700 | D:2      | Killed Robin
   746 | D:2      | Noticed Sigmund
   760 | D:2      | HP: 5/54 [poisoned by Sigmund]
   767 | D:2      | Killed Sigmund
   768 | D:2      | Reached skill level 3 in Shields
   768 | D:2      | Reached skill level 4 in Unarmed Combat
   768 | D:2      | Reached XP level 4. HP: 13/44 MP: 1/3
   768 | D:2      | Reached XP level 5. HP: 14/50 MP: 1/4
  1280 | D:2      | Found a faded altar of an unknown god.
  1609 | D:3      | Reached XP level 6. HP: 59/59 MP: 5/5
  1669 | D:3      | Noticed Megustar's ghost (amateur GrBe)
  1683 | D:3      | Found a transporter.
  2023 | D:3      | Reached skill level 5 in Unarmed Combat
  2043 | D:3      | Found a transporter.
  2424 | D:4      | Found a broken altar of Ashenzari.
  2501 | D:4      | Reached skill level 4 in Shields
  2694 | D:4      | Found a sparkling altar of Nemelex Xobeh.
  2770 | D:5      | Entered Level 5 of the Dungeon
  2929 | D:5      | Reached skill level 6 in Unarmed Combat
  2929 | D:5      | Reached XP level 7. HP: 61/66 MP: 4/6
  3360 | D:5      | Found a blossoming altar of Fedhas.
  3628 | D:6      | Found a shimmering blue altar of Sif Muna.
  3709 | D:6      | Found a staircase to the Ecumenical Temple.
  3739 | D:6      | Reached skill level 7 in Unarmed Combat
  3756 | Temple   | Entered the Ecumenical Temple
  4227 | D:6      | Found a sacrificial altar of Ru.
  4282 | D:6      | Reached skill level 5 in Shields
  4282 | D:6      | Reached XP level 8. HP: 67/74 MP: 5/7
  4465 | D:6      | Found a transporter.
  4467 | D:6      | Noticed xeno23's ghost (novice BaIE)
  4468 | D:6      | Identified the +7 dire flail of Optimality {flame, Str+9
                  | Stlth-}
  4673 | D:6      | Reached skill level 8 in Unarmed Combat
  4914 | D:7      | Found a runed translucent gate.
  4919 | D:7      | Found a runed translucent gate.
  4919 | D:7      | Found a runed translucent gate.
  4919 | D:7      | Noticed Aviak's ghost (novice MfCj)
  5364 | D:7      | HP: 2/71 [Aviak's ghost (11)]
  5381 | D:7      | HP: 7/71 [Aviak's ghost/magic dart (4)]
  5382 | D:7      | Killed from afar by Aviak's ghost

Vanquished Creatures
  Sigmund (D:2)
  An ice beast (D:7)
  2 ogres (D:6)
  2 centaurs (D:7)
  3 bullfrogs
  4 wights (D:6)
  A howler monkey (D:6)
  A jelly (D:6)
  An orc priest (D:5)
  3 orc wizards
  A hound (D:4)
  2 iguanas (D:5)
  A spectral killer bee (D:7)
  3 worker ants
  A hound skeleton (D:4)
  A spectral worker ant (D:7)
  Robin (D:2)
  7 adders
  A white imp (D:7)
  An ufetubus (D:5)
  3 oozes
  An adder zombie (D:5)
  An adder skeleton (D:7)
  4 worms
  An adder simulacrum (D:7)
  3 dart slugs
  4 leopard geckos
  18 orcs
  6 giant cockroaches
  18 goblins
  6 hobgoblins
  4 jackals (D:1)
  2 quokkas
  5 ball pythons
  8 bats
  4 frilled lizards
  5 kobolds
  A leopard gecko zombie (D:5)
  A quokka skeleton (D:6)
  5 rats
138 creatures vanquished.

Vanquished Creatures (others)
  A plant (D:3)
1 creature vanquished.

Grand Total: 139 creatures vanquished

Table legend: (Time is in decaauts)
 A = Elapsed time spent in this place.
 B = Non-inter-level travel time spent in this place.
 C = Inter-level travel time spent in this place.
 D = Time resting spent in this place.
 E = Time spent auto-exploring this place.
 F = Levels seen in this place.
 G = Mean time per level.
                   A        B        C        D        E       F      G
               +--------+--------+--------+--------+--------+-----+--------+
         Total |   5401 |   5229 |    172 |    106 |   4138 |   8 |  675.1 |
       Dungeon |   5157 |   4996 |    161 |    106 |   3905 |   7 |  736.7 |
        Temple |    244 |    233 |     11 |      0 |    233 |   1 |  244.0 |
               +--------+--------+--------+--------+--------+-----+--------+

Top non-repeatable levels by time:
     D:2: 991 daAuts
     D:6: 964 daAuts
     D:5: 761 daAuts
     D:7: 623 daAuts
     D:1: 618 daAuts
     D:4: 601 daAuts
     D:3: 597 daAuts
  Temple: 244 daAuts

Table legend:
 A = Non-vault XP
 B = Vault XP
 C = Vault XP percentage of total XP
 D = Non-vault monster count
 E = Vault monster count
 F = Vault count percentage of total count
                 A         B        C        D         E       F
            +---------+---------+-------+---------+---------+-------
      Total |    1839 |     386 |  17.3 |     111 |      27 |  19.6
            +---------+---------+-------+---------+---------+-------
        D:1 |      31 |       4 |  11.4 |      19 |       2 |   9.5
        D:2 |      74 |     258 |  77.7 |      22 |      14 |  38.9
        D:3 |      40 |      33 |  45.2 |      14 |       6 |  30.0
        D:4 |     157 |       0 |   0.0 |      16 |       0 |   0.0
        D:5 |     230 |       0 |   0.0 |      13 |       0 |   0.0
        D:6 |     828 |      40 |   4.6 |      19 |       1 |   5.0
        D:7 |     479 |      51 |   9.6 |       8 |       4 |  33.3
            +---------+---------+-------+---------+---------+-------
